 Dungeon Crawl Stone Soup version 0.31-a0-846-gb3bcc0d938 (webtiles) character file.

Game seed: 11584764332475439306

120900 AiryTheDragon the Mimic (level 16, -4/115 HPs)
             Began as a Demonspawn Gladiator on Sept 27, 2023.
             Was a High Priest of Hepliaklqana.
             Slain by a thrashing horror (13 damage)
             ... on level 2 of the Abyss on Oct 4, 2023.
             The game lasted 08:59:41 (27814 turns).

AiryTheDragon the Mimic (Demonspawn Gladiator)     Turns: 27814, Time: 08:59:41

Health: -4/115     AC: 16    Str: 18 (19) XL:     16   Next: 31%
Magic:  7/26       EV: 33    Int: 12 (13) God:    Hepliaklqana [*****.]
Gold:   1862       SH:  0    Dex: 27      Spells: 1/29 levels left

rFire   + + +        s - +10 triple sword of the Hall of Blades {flame, rF+ Will+}
rCold   + . .        (shield currently unavailable)
rNeg    . . .        e - +3 swamp dragon scales
rPois   +            F - +0 helmet
rElec   +            X - scarf {repulsion}
rCorr   +            (gloves unavailable)
SInv    .            x - +2 pair of boots of Zoeb {rF+ Str+2 Stlth+}
Will    ++...        Z - dreamdust necklace {Acrobat}
Stlth   +++++        S - ring of fire
HPRegen 0.00/turn    V - ring "Gelimef" {rC+ Dex+6}
MPRegen 0.20/turn

%: repel missiles, acrobat
@: resistant, acrobatic, sick
A: reduced essence, claws 3, molten scales 2, demonic guardian 2, powered by
pain 2, thin skeletal structure 1, agile 1, deformed body, deterioration 1,
robust 1
a: Renounce Religion, Recall Ancestor, Ancestor Identity, Transference, Idealise


You were on level 2 of the Abyss.
You worshipped Hepliaklqana.
Hepliaklqana was extremely pleased with you.
You visited 6 branches of the dungeon, and saw 26 of its levels.
You visited the Abyss 1 time.
You also visited: Ossuary, Bailey and Ice Cave.

You collected 2011 gold pieces.
You spent 149 gold pieces at shops.

Inventory:

Hand Weapons
 k - a +1 rapier of electrocution
 s - the +10 triple sword of the Hall of Blades (weapon) {flame, rF+ Will+}
   (You acquired it on level 12 of the Dungeon)

   rF+:       It protects you from fire.
   Will+:     It increases your willpower.
 E - a +4 halberd of flaming
 J - a +2 demon trident
 N - a +6 great sword of freezing
 U - the +6 trident of the Endless Spines {drain, +Blink rElec rCorr}
   (You found it on level 12 of the Dungeon)

   rElec:     It insulates you from electricity.
   +Blink:    It lets you blink.
   rCorr:     It protects you from acid and corrosion.
 Y - the +10 lajatang of Foul Odours {drain, rPois rC+ SInv}
   (You took it off a skeletal warrior on level 9 of the Dungeon)

   rC+:       It protects you from cold.
   rPois:     It protects you from poison SInv: It lets you see invisible.
Missiles
 f - 21 boomerangs
 i - 4 throwing nets
 D - 16 javelins
 G - 40 poisoned darts (quivered)
 M - an atropa-tipped dart
Armour
 e - +3 swamp dragon scales (worn)
 x - the +2 pair of boots of Zoeb (worn) {rF+ Str+2 Stlth+}
   (You found it in an ice cave)

   Str+2:     It affects your strength (+2).
   rF+:       It protects you from fire.
   Stlth+:    It makes you more stealthy.
 F - a +0 helmet (worn)
 Q - a +2 kite shield of cold resistance
 R - a +2 leather armour of fire resistance
 T - a +2 buckler of reflection
 X - a scarf of repulsion (worn)
Jewellery
 l - a +6 ring of dexterity
 o - a ring of flight
 p - a ring of protection from cold
 v - an amulet of guardian spirit
 I - a ring of positive energy
 S - a ring of fire (left claw)
 V - the ring "Gelimef" (right claw) {rC+ Dex+6}
   (You found it in a bailey)

   [ring of dexterity]

   Dex+6:     It affects your dexterity (+6).
   rC+:       It protects you from cold.
 Z - the dreamdust necklace (around neck) {Acrobat}
   (You took it off a skeletal warrior on level 9 of the Dungeon)

   [amulet of the acrobat]

   Acrobat:   It increases your evasion while moving and waiting.
Talismans
 g - a maw talisman
 h - a serpent talisman
 n - a dragon-blood talisman
Wands
 K - a wand of flame (6)
 L - a wand of charming (8)
Scrolls
 d - a scroll of brand weapon
 r - 5 scrolls of teleportation
 P - 2 scrolls of fog
 W - a scroll of revelation
Potions
 a - a potion of enlightenment
 b - 2 potions of mutation
 j - 3 potions of brilliance
 u - 2 potions of cancellation
 w - 3 potions of might
 z - 6 potions of lignification
 A - a potion of curing


   Skills:
 + Level 7.1 Fighting
 + Level 5.9(7.8) Short Blades
 + Level 7.9(8.8) Long Blades
 + Level 1.3(5.6) Polearms
 + Level 8.7 Staves
 + Level 8.0 Throwing
 * Level 8.4 Armour
 * Level 7.8 Dodging
 + Level 5.1 Stealth
 + Level 3.3 Unarmed Combat
 + Level 7.1 Spellcasting
 + Level 4.7 Conjurations
 + Level 4.0 Hexes
 * Level 5.1 Summonings
 + Level 5.2 Necromancy
 + Level 4.6 Translocations
 + Level 0.7 Transmutations
 * Level 4.0 Ice Magic
 * Level 4.0 Air Magic
 + Level 4.4 Poison Magic
 + Level 4.7 Invocations
 + Level 6.4 Evocations
 * Level 9.1 Shapeshifting


You had one spell level left.
You knew the following spells:

 Your Spells              Type           Power      Damage    Failure   Level
a - Blink                 Tloc           30%        N/A       6%          2
b - Vampiric Draining     Necr           16%        2d7       10%         3
c - Necrotise             Necr           64%        1d7       3%          1
d - Manifold Assault      Tloc           15%        N/A       36%         4
e - Tukima's Dance        Hex            13%        N/A       16%         3
f - Frozen Ramparts       Ice            28%        1d5       14%         3
g - Call Imp              Summ           32%        N/A       4%          2
h - Mephitic Cloud        Conj/Pois/Air  14%        N/A       13%         3
i - Wereblood             Tmut           5%         N/A       30%         2
j - Magic Dart            Conj           60%        1d6       3%          1
k - Summon Lightning Spi  Summ/Air       15%        N/A       36%         4

Your spell library contained the following spells:

 Spells                   Type           Power      Damage    Failure   Level
 Kiss of Death            Conj/Necr      64%        2d10      3%          1
 Summon Small Mammal      Summ           64%        N/A       3%          1
 Apportation              Tloc           30%        N/A       4%          1
 Freeze                   Ice            56%        1d7       4%          1
 Sandblast                Erth           8%         2d5       26%         1
 Lesser Beckoning         Tloc           30%        N/A       6%          2
 Momentum Strike          Conj/Tloc      30%        3d8       6%          2
 Hailstorm                Conj/Ice       14%        3d5       13%         3
 Confusing Touch          Hex            13%        N/A       16%         3
 Stone Arrow              Conj/Erth      18%        3d8       30%         3
 Dispel Undead            Necr           16%        3d10      30%         4
 Passwall                 Tmut/Erth      4%         N/A       34%         2
 Iskenderun's Mystic Bla  Conj/Tloc      15%        2d5       36%         4
 Dimensional Bullseye     Hex/Tloc       7%         N/A       41%         4
 Vhi's Electric Charge    Tloc/Air       28%        N/A       41%         4
 Animate Armour           Summ/Erth      20%        N/A       65%         4
 Agony                    Necr           16%        N/A       65%         5
 Brom's Barrelling Bould  Conj/Erth      9%         2d3       69%         4
 Summon Forest            Summ/Tloc      7%         N/A       69%         5
 Arcjolt                  Conj/Air       7%         1d17      75%         5
 Irradiate                Conj/Tmut      5%         3d13      93%         5
 Lee's Rapid Deconstruct  Erth           2%         3d4*      100%        5
 Eringya's Noxious Bog    Tmut/Pois      5%         4d6       100%        6
 Summon Hydra             Summ           8%         N/A       100%        7
 Maxwell's Capacitive Co  Air            6%         ∞         100%        8


Dungeon Overview and Level Annotations

Branches:
Dungeon (15/15)            Temple (1/1) D:7            Lair (5/5) D:10
 Shoals (0/4) Lair:3        Snake (1/4) Lair:3        Slime (0/5) Lair:4
    Orc (2/2) D:12            Elf (2/3) Orc:2       Ossuary (visited)
 Bailey (visited)           IceCv (visited)
 Vaults: D:13-14     Depths: D:15

Altars:
Ashenzari
Cheibriados
Dithmenos
Fedhas
Gozag
Hepliaklqana
Kikubaaqudgha
Makhleb
Nemelex Xobeh
Okawaru
Qazlal
Ru
Sif Muna
Trog
Uskayaw
Vehumet
Wu Jian
Xom
Yredelemnul

Shops:
D:1 (   D:8 *(   Orc:2 =[*(

Portals:
Trove: D:12 (give +6 demon blade)

Annotations:
Elf:1 6 runed translucent doors


Innate Abilities, Weirdness & Mutations

Your life essence is reduced to manifest your ancestor. (-10% HP)
You have claws for hands.
You are mostly covered in molten scales. (AC +3)
A demonic guardian rushes to your aid.
You sometimes gain power by taking damage.
You have a somewhat thin skeletal structure. (Dex +2, Stealth+)
You are agile. (Dex +4, Str/Int -1)
Armour fits poorly on your strangely shaped body.
Your body sometimes deteriorates upon taking damage.
You are robust. (+10% HP)


Message History

Flame seeps out of the bone dragon.
Octavius burns the bone dragon.
The bone dragon explodes!
Octavius avoids your attack.
The fiery explosion engulfs the thrashing horror!!
The thrashing horror resists.
The thrashing horror is heavily damaged.
You feel a bit more experienced. The fiery explosion engulfs you. You resist.
* * * LOW HITPOINT WARNING * * *
You hear an explosion!
The fiery explosion engulfs the thrashing horror!!
The thrashing horror resists.
You destroy the thrashing horror!
You feel your intelligence returning.
Your Ice Magic skill increases to level 4!
Your Air Magic skill increases to level 4!
You feel better.
Throw: 4 throwing nets
Press: ? - help, Shift-Dir - straight line, f - thrashing horror
Aim: a thrashing horror (thin mist, severely damaged, wandering, hasn't noticed you, 70% to hit)
Okay, then.
Throw: 17 javelins
Press: ? - help, Shift-Dir - straight line, f - thrashing horror
Aim: a thrashing horror (thin mist, severely damaged, wandering, hasn't noticed you, 70% to hit)
You throw a javelin.
The javelin closely misses the thrashing horror.
Octavius blocks the thrashing horror's attack.
The thrashing horror tramples Octavius but does no damage.
Octavius completely misses the thrashing horror.
The thrashing horror is engulfed in blazing flames.
The thrashing horror churns violently!
The thrashing horror seems to grow stronger.
Casting: Frozen Ramparts (dangerous; 14% risk of failure)
Confirm with . or Enter, or press ? or * to list all spells.
A tiny devil pulls itself out of the air.
The thrashing horror barely misses you. x2
You swap places.
The thrashing horror misses your cerulean imp.
The thrashing horror tramples your cerulean imp!
Your cerulean imp is shoved backwards!
The thrashing horror tramples you!
You die...

# #.. .# ..
#.# ##.##
...##...§###
#
..#....§x§#
# ..#§##R# #
.#.###.## #
.X# #..X##
## ..####@5#
#x .###...##
### #5. #
##### . ##.
# # .... #
##.#∩.##
.#..#. ... .
.##.# # . .
# #..#...


You could see the friendly Octavius the knight (inner flame, idealised), an
ancient zyme, a thrashing horror (strong, ally target) and a friendly cerulean
imp (summoned).

Vanquished Creatures
  Saint Roka (Orc:2)
  Nikola (Elf:2)
  A reaper (IceCv)
  A fire dragon (Lair:5)
  The ghost of Newt the Cruncher, a journeyman DsGl of Hepliaklqana (D:11)
  3 hydras
  A centaur warrior (D:13)
  A vault guard (D:12)
  A catoblepas (D:12)
  3 boulder beetles
  4 two-headed ogres
  3 death yaks (Lair:3)
  An orc high priest (Orc:2)
  3 thrashing horrors (Abyss:2)
  2 tengu warriors
  Urug (Lair:1)
  A deep elf knight (Elf:1)
  3 skysharks
  A skeletal warrior (D:9)
  A deep elf pyromancer (Elf:1)
  3 orc knights
  A lindwurm (Lair:5)
  4 deep elf archers (Elf:1)
  A mana viper (Abyss:2)
  8 deep elf zephyrmancers
  6 orc sorcerers
  An ugly thing (D:12)
  2 cyclopes
  A manticore (D:12)
  A moth of wrath (D:11)
  A molten gargoyle (Lair:5)
  2 ice statues (IceCv)
  6 black mambas
  A torpor snail (Lair:5)
  10 cane toads
  2 gargoyles
  Maggie (D:6)
  2 efreet
  A kobold demonologist (D:13)
  4 rime drakes
  5 komodo dragons
  2 anaconda simulacra (IceCv)
  5 ice devils (IceCv)
  8 trolls
  2 polar bears (Lair:4)
  3 hornets
  Grinder (D:6)
  22 blink frogs
  A raiju (Abyss:2)
  4 dream sheep (Lair:5)
  9 slime creatures
  2 flying skulls (Abyss:2)
  A centaur simulacrum (D:12)
  2 ynoxinuls (Abyss:2)
  A vampire (D:10)
  An air elemental (Elf:1)
  4 shadows
  3 wyverns
  A nameless horror (Abyss:2)
  A water elemental (Elf:1)
  2 wraiths
  30 yaks
  3 large abominations (Abyss:2)
  A starcursed mass (Abyss:2)
  A steam dragon (Lair:5)
  4 basilisks
  5 vampire mosquitoes
  2 death yak simulacra
  Edmund (D:6)
  A warg (Orc:1)
  An acid dragon (D:12)
  3 hell hounds (Lair:5)
  18 water moccasins
  28 orc warriors
  A sky beast (D:6)
  16 wolves
  An ogre (D:4)
  A boggart (D:9)
  16 centaurs
  3 small abominations (Abyss:2)
  A phantom (D:5)
  5 kobold brigands
  4 gnoll sergeants
  14 bullfrogs
  3 scorpions
  An earth elemental (Elf:1)
  11 wights
  12 killer bees
  A dream sheep simulacrum (Lair:3)
  2 elephant simulacra
  A torpor snail simulacrum (Lair:3)
  A spectral centaur (D:5)
  5 howler monkeys
  A bullfrog zombie (D:5)
  4 lava snakes (Lair:5)
  A spectral bullfrog (D:5)
  A crimson imp (D:8)
  A wyvern simulacrum (Lair:3)
  A centaur zombie (D:5)
  14 orc priests
  2 gnoll boudas
  A hound (D:4)
  3 jellies
  A sleepcap (D:6)
  Natasha (thrice) (D:4)
  3 iguanas
  21 orc wizards
  A polar bear simulacrum (IceCv)
  2 troll simulacra (IceCv)
  3 wolf simulacra (IceCv)
  12 mummies (Ossuary)
  17 gnolls
  5 adders
  A shadow imp (D:5)
  A white imp (IceCv)
  6 ufetubi
  2 worms (D:2)
  5 dart slugs
  65 orcs
  8 ball pythons
  4 endoplasms
  3 giant cockroaches
  6 goblins
  7 hobgoblins
  2 jackals
  7 quokkas
  7 bats
  6 frilled lizards
  2 gnoll skeletons (Ossuary)
  A goblin skeleton (Ossuary)
  18 kobolds
  4 kobold skeletons (Ossuary)
  An orc skeleton (Ossuary)
  4 rats
  10 rat skeletons (Ossuary)
636 creatures vanquished.

Vanquished Creatures (collateral kills)
  A bone dragon (Abyss:2)
  Frances (D:13)
  Azrael (Elf:1)
  A deep elf demonologist (Elf:2)
  The ghost of MrSquiggles the Spear-Bearer, a journeyman MiFi of Okawaru (Lair:3)
  A catoblepas (Lair:1)
  Erica (D:10)
  3 hydras
  3 boulder beetles
  3 two-headed ogres
  2 tengu warriors (D:14)
  3 death yaks (Lair:3)
  A naga warrior (Lair:3)
  2 deep elf archers
  A deep elf zephyrmancer (Elf:2)
  4 deep elf pyromancers
  A lindwurm (Lair:5)
  An orc knight (D:9)
  2 orc sorcerers (Orc:2)
  An ugly thing (D:12)
  A cyclops (D:11)
  A molten gargoyle (Lair:5)
  2 cane toads (Lair:5)
  2 gargoyles (D:12)
  5 black mambas
  An unseen horror (Abyss:2)
  A tormentor (Abyss:2)
  4 komodo dragons
  2 rime drakes
  An ice devil (IceCv)
  A troll (D:12)
  A dream sheep (Lair:5)
  2 raiju (Abyss:2)
  10 blink frogs
  A slime creature (D:13)
  A flying skull (Abyss:2)
  A wyvern (Lair:5)
  2 basilisks
  A wraith (D:14)
  2 vampires
  2 fire elementals (Elf:1)
  9 yaks
  A starcursed mass (Abyss:2)
  A neqoxec (Abyss:2)
  A vampire mosquito (D:9)
  3 wargs
  3 acid dragons
  5 water moccasins
  15 orc warriors
  5 hell hounds
  An ice beast (D:8)
  5 centaurs
  9 wolves
  A bullfrog (D:8)
  2 necrophages (D:5)
  A small abomination (Abyss:2)
  An earth elemental (Elf:1)
  A cane toad simulacrum (IceCv)
  6 wights
  A killer bee (D:9)
  A lava snake (Lair:5)
  5 orc priests
  An iguana (D:5)
  4 orc wizards
  A troll simulacrum (IceCv)
  A mummy (Ossuary)
  3 gnolls
  2 naga simulacra (IceCv)
  A shadow imp (D:7)
  A white imp (IceCv)
  An ufetubus (IceCv)
  25 orcs
  7 kobolds
  A rat skeleton (Ossuary)
203 creatures vanquished.

Vanquished Creatures (others)
  A deep elf zephyrmancer (Elf:1)
  A deep elf pyromancer (Elf:1)
  A rime drake (Lair:3)
  A warg (D:10)
  A dancing weapon (D:11)
  21 knights
  3 ancestors
  2 orcs (Elf:1)
  2 starspawn tentacles (Abyss:2)
33 creatures vanquished.

Grand Total: 872 creatures vanquished

Notes
Turn   | Place    | Note
-------+----------+-------------------------------------------
     0 | D:1      | AiryTheDragon the Demonspawn Gladiator began the quest for
                  | the Orb.
     0 | D:1      | Reached XP level 1. HP: 16/16 MP: 1/1
   314 | D:1      | Gained mutation: You sometimes gain a little power by
                  | taking damage. [demonic ancestry]
   314 | D:1      | Reached XP level 2. HP: 19/22 MP: 2/2
   437 | D:1      | Found a faded altar of an unknown god.
   741 | D:1      | Reached XP level 3. HP: 27/27 MP: 3/3
   949 | D:1      | Found Evaen's Antique Weapon Emporium.
  1060 | D:2      | Identified the +5 short sword of Abuse {venom, rPois Int+4
                  | SInv}
  1606 | D:3      | Found a hazy altar of Hepliaklqana.
  1638 | D:3      | Found a shimmering blue altar of Sif Muna.
  1753 | D:3      | Noticed a scorpion
  1864 | D:3      | Learned a level 2 spell: Blink
  1911 | D:3      | Reached skill level 1 in Shapeshifting
  1920 | D:3      | Found an iron altar of Okawaru.
  1998 | D:3      | Gained mutation: You have sharp fingernails. [demonic
                  | ancestry]
  1998 | D:3      | Reached XP level 4. HP: 24/33 MP: 4/4
  2042 | D:3      | Killed a scorpion
  2043 | D:3      | Reached skill level 1 in Short Blades
  2043 | D:3      | Reached skill level 1 in Armour
  2043 | D:3      | Reached skill level 1 in Stealth
  2043 | D:3      | Gained mutation: You have very sharp fingernails. [demonic
                  | ancestry]
  2043 | D:3      | Reached XP level 5. HP: 38/38 MP: 5/5
  2384 | D:3      | Became a worshipper of Hepliaklqana the Forgotten
  2483 | D:4      | Noticed a water moccasin
  2498 | D:4      | Killed a water moccasin
  2499 | D:4      | Reached XP level 6. HP: 29/46 MP: 3/6
  2561 | D:4      | Found a snail-covered altar of Cheibriados.
  2634 | D:4      | Noticed Natasha
  2646 | D:4      | Killed Natasha
  2730 | D:4      | Reached skill level 2 in Shapeshifting
  2805 | D:4      | Noticed Natasha
  2813 | D:4      | Killed Natasha
  3119 | D:4      | Reached * piety under Hepliaklqana
  3197 | D:4      | Reached XP level 7. HP: 33/45 MP: 7/7
  3388 | D:4      | Noticed Natasha
  3394 | D:4      | Killed Natasha
  3477 | D:5      | Entered Level 5 of the Dungeon
  3507 | D:6      | Noticed Grinder
  3511 | D:6      | Paralysed by Grinder for 5 turns
  3529 | D:6      | Killed Grinder
  3723 | D:6      | Gained mutation: You are agile. (Dex +4, Str/Int -1)
                  | [potion of mutation]
  3723 | D:6      | Gained mutation: Your body sometimes deteriorates upon
                  | taking damage. [potion of mutation]
  3723 | D:6      | Gained mutation: You have hidden genetic potential. [potion
                  | of mutation]
  3732 | D:6      | Reached skill level 3 in Shapeshifting
  3732 | D:6      | Gained mutation: You have claws for hands. [demonic
                  | ancestry]
  3732 | D:6      | Reached XP level 8. HP: 34/52 MP: 8/8
  3767 | D:6      | Noticed Maggie
  3827 | D:6      | Killed Maggie
  3876 | D:6      | Gained mutation: You are strong-willed. (Will+) [hidden
                  | potential]
  3962 | D:6      | Found a sand-covered staircase.
  3972 | D:6      | Noticed Edmund
  3988 | D:6      | Killed Edmund
  4003 | Ossuary  | Entered an ossuary
  4046 | Ossuary  | Reached skill level 5 in Short Blades
  4618 | D:6      | Reached skill level 4 in Shapeshifting
  4620 | D:6      | Reached XP level 9. HP: 46/58 MP: 6/9
  5010 | D:5      | Reached ** piety under Hepliaklqana
  5011 | D:5      | Remembered your ancestor Octavius as a knight
  5028 | D:5      | Reached skill level 1 in Spellcasting
  5049 | D:5      | Gained mutation: You are robust. (+10% HP) [hidden
                  | potential]
  5049 | D:5      | Lost mutation: You have hidden genetic potential. [hidden
                  | potential expressed]
  5177 | D:5      | Found a sparkling altar of Nemelex Xobeh.
  5273 | D:5      | Reached skill level 1 in Long Blades
  5279 | D:5      | Identified the +8 dagger of the Endless Xeniums {pain,
                  | rElec}
  5284 | D:5      | Upgraded the game from 0.31-a0-836-g3ceb0a68c4 to
                  | 0.31-a0-841-g038b102fc3
  5342 | D:5      | Learned a level 3 spell: Vampiric Draining
  6210 | D:7      | Found an opulent altar of Gozag.
  6260 | D:7      | Reached skill level 1 in Polearms
  6544 | D:7      | Found a staircase to the Ecumenical Temple.
  6548 | Temple   | Entered the Ecumenical Temple
  6666 | D:8      | Reached *** piety under Hepliaklqana
  6697 | D:8      | Found Jeniowk's Weapon Emporium.
  6751 | D:8      | Gained mutation: You are partially covered in molten
                  | scales. (AC +2) [demonic ancestry]
  6751 | D:8      | Reached XP level 10. HP: 46/73 MP: 9/14
  6889 | D:8      | Noticed a two-headed ogre
  6944 | D:9      | Reached skill level 1 in Translocations
  6953 | D:9      | Reached skill level 5 in Throwing
  7131 | D:9      | Found a faded altar of an unknown god.
  7131 | D:9      | Found a faded altar of an unknown god.
  7137 | D:9      | Found a basalt altar of Yredelemnul.
  7142 | D:9      | Found an ornate altar of the Wu Jian Council.
  7144 | D:9      | Found an ancient bone altar of Kikubaaqudgha.
  7276 | D:8      | Found a flagged portal.
  7283 | Bailey   | Entered a bailey
  7310 | Bailey   | Learned a level 1 spell: Necrotise
  7320 | Bailey   | Reached skill level 5 in Shapeshifting
  7741 | Bailey   | Reached skill level 5 in Long Blades
  7882 | Bailey   | Identified the ring "Gelimef" {rC+ Dex+6}
  7887 | Bailey   | Reached skill level 5 in Fighting
  7887 | Bailey   | Reached skill level 5 in Armour
  7887 | Bailey   | Reached skill level 5 in Dodging
  7887 | Bailey   | Reached skill level 6 in Shapeshifting
  7887 | Bailey   | Gained mutation: A weak demonic guardian rushes to your
                  | aid. [demonic ancestry]
  7887 | Bailey   | Reached XP level 11. HP: 62/80 MP: 13/17
  8063 | D:8      | Found Ceesablu's Lightly-Used Armoury.
  8118 | D:8      | Killed a two-headed ogre
  8647 | D:8      | Found a burning altar of Makhleb.
  8698 | D:9      | Found a bloodstained altar of Trog.
  8698 | D:9      | Reached **** piety under Hepliaklqana
  8914 | D:9      | Gained mutation: You are mostly covered in molten scales.
                  | (AC +3) [demonic ancestry]
  8914 | D:9      | Reached XP level 12. HP: 83/86 MP: 19/19
  8925 | D:9      | Noticed a boulder beetle
  8934 | D:9      | Noticed a tengu warrior
  8965 | D:9      | Killed a tengu warrior
  8980 | D:9      | Killed a boulder beetle
  9033 | D:9      | Noticed a boulder beetle
  9038 | D:9      | Noticed a boulder beetle
  9044 | D:9      | Killed a boulder beetle
  9050 | D:9      | Killed a boulder beetle
  9051 | D:9      | Reached skill level 5 in Spellcasting
  9051 | D:9      | Reached skill level 5 in Necromancy
  9054 | D:9      | Reached skill level 1 in Evocations
  9147 | D:9      | Noticed a two-headed ogre
  9168 | D:9      | Identified the +10 lajatang of Foul Odours {drain, rPois
                  | rC+ SInv}
  9189 | D:9      | Killed a two-headed ogre
  9215 | D:9      | Paralysed by an orc sorcerer for 2 turns
  9845 | D:9      | Upgraded the game from 0.31-a0-841-g038b102fc3 to
                  | 0.31-a0-844-gdc52ec4e09
 10530 | D:10     | Entered Level 10 of the Dungeon
 10609 | D:10     | Found a stormy altar of Qazlal.
 10726 | D:10     | Reached skill level 1 in Staves
 10862 | D:10     | Found a staircase to the Lair.
 10998 | D:10     | Noticed Erica
 11015 | D:10     | Killed Erica
 11061 | D:10     | Found a broken altar of Ashenzari.
 11063 | D:10     | Found a shimmering altar of Xom.
 11066 | D:10     | Found a radiant altar of Vehumet.
 12136 | D:11     | Reached ***** piety under Hepliaklqana
 12186 | D:11     | Found a transporter.
 12191 | D:11     | Found a bloodstained altar of Trog.
 12191 | D:11     | Noticed Newt's ghost (journeyman DsGl)
 12193 | D:11     | Noticed a tengu warrior
 12195 | D:11     | Noticed a two-headed ogre
 12203 | D:11     | Found a transporter.
 12323 | D:11     | Noticed a two-headed ogre
 12330 | D:11     | Killed a two-headed ogre
 12331 | D:11     | Reached skill level 7 in Shapeshifting
 12331 | D:11     | Reached XP level 13. HP: 93/93 MP: 21/21
 12589 | D:11     | Learned a level 4 spell: Manifold Assault
 12593 | D:11     | Learned a level 3 spell: Tukima's Dance
 12794 | D:11     | Learned a level 3 spell: Frozen Ramparts
 12871 | D:12     | Found a staircase to the Orcish Mines.
 13310 | D:14     | Reached skill level 1 in Hexes
 13636 | D:13     | Reached skill level 5 in Staves
 13636 | D:13     | Reached skill level 1 in Ice Magic
 13727 | D:13     | You fall into a shaft and drop 2 floors!
 13727 | D:15     | Entered Level 15 of the Dungeon
 14035 | D:13     | Noticed Frances
 14042 | D:13     | Killed Frances
 14270 | D:12     | Identified a scroll of acquirement
 14270 | D:12     | Acquired the +10 triple sword of the Hall of Blades {flame,
                  | rF+ Will+}
 14651 | D:12     | Learned a level 2 spell: Call Imp
 14655 | D:12     | Learned a level 3 spell: Mephitic Cloud
 14978 | D:12     | Identified the +6 trident of the Endless Spines {drain,
                  | +Blink rElec rCorr}
 14992 | D:12     | Reached skill level 1 in Summonings
 15104 | D:12     | Found a portal to a secret trove of treasure.
 15270 | Orc:1    | Entered Level 1 of the Orcish Mines
 15405 | Orc:1    | Found a bloodstained altar of Trog.
 15595 | Orc:2    | Entered Level 2 of the Orcish Mines
 15636 | Orc:2    | Gained mutation: A demonic guardian rushes to your aid.
                  | [demonic ancestry]
 15636 | Orc:2    | Reached XP level 14. HP: 62/101 MP: 22/22
 15840 | Orc:2    | Found a staircase to the Elven Halls.
 16223 | Orc:2    | Noticed Saint Roka
 16865 | Orc:1    | Upgraded the game from 0.31-a0-844-gdc52ec4e09 to
                  | 0.31-a0-846-gb3bcc0d938
 17024 | Lair:1   | Entered Level 1 of the Lair of Beasts
 17137 | Lair:1   | Reached skill level 8 in Shapeshifting
 17148 | Lair:1   | Noticed Urug
 17161 | Lair:1   | Killed Urug
 17331 | Lair:1   | Learned a level 2 spell: Wereblood
 17333 | Lair:1   | Learned a level 1 spell: Magic Dart
 18055 | Lair:2   | Found a radiant altar of Vehumet.
 18176 | Lair:2   | Reached skill level 1 in Conjurations
 18368 | Lair:2   | Reached skill level 5 in Evocations
 18432 | Lair:2   | Reached skill level 1 in Poison Magic
 18565 | Lair:2   | Reached ****** piety under Hepliaklqana
 18726 | Lair:3   | Found a staircase to the Shoals.
 18752 | Lair:3   | Reached skill level 1 in Air Magic
 18934 | Lair:3   | Identified the +1 leather armour "Vytaohat" {rPois Dex+2}
 18939 | Lair:3   | Found a staircase to the Snake Pit.
 18947 | Snake:1  | Entered Level 1 of the Snake Pit
 19575 | Lair:3   | Noticed MrSquiggles's ghost (journeyman MiFi)
 19745 | Lair:3   | Found a runed translucent gate.
 19745 | Lair:3   | Found a runed translucent gate.
 19813 | Lair:3   | Identified the +11 hand axe of Due Proportion {freeze,
                  | Str+7}
 19838 | Lair:3   | Found a runed translucent gate.
 20122 | Lair:3   | Killed MrSquiggles's ghost
 20340 | Lair:4   | Found a frozen archway.
 20351 | IceCv    | Entered an ice cave
 20567 | IceCv    | Identified the +2 pair of boots of Zoeb {rF+ Str+2 Stlth+}
 20613 | IceCv    | Reached XP level 15. HP: 107/107 MP: 24/24
 21525 | Lair:4   | Found a staircase to the Slime Pits.
 21709 | Lair:5   | Entered Level 5 of the Lair of Beasts
 21720 | Lair:5   | Reached skill level 5 in Stealth
 23935 | Lair:5   | Found a large runed translucent door.
 23936 | Lair:5   | Found a large runed translucent door.
 24326 | D:11     | Killed Newt's ghost
 25291 | Orc:2    | Killed Saint Roka
 25495 | Orc:2    | Found Doimur's Antique Armour Boutique.
 25513 | Orc:2    | Found Fytaav's Antique Weapon Boutique.
 25534 | Orc:2    | Found Cumoiniro's General Store.
 25565 | Orc:2    | Bought a scroll of blinking for 97 gold pieces
 25565 | Orc:2    | Bought a potion of might for 52 gold pieces
 25713 | Orc:2    | Found Gioqon's Jewellery Boutique.
 25776 | Elf:1    | Entered Level 1 of the Elven Halls
 26125 | Elf:1    | Paralysed by an air elemental for 1 turns
 26131 | Elf:1    | Paralysed by an air elemental for 1 turns
 26135 | Elf:2    | Noticed Nikola
 26148 | Elf:2    | Killed Nikola
 26319 | Elf:2    | Gained mutation: You sometimes gain power by taking damage.
                  | [demonic ancestry]
 26319 | Elf:2    | Reached XP level 16. HP: 103/115 MP: 26/26
 26429 | Elf:1    | Noticed Azrael
 26626 | Elf:1    | Killed Azrael
 26922 | Elf:1    | Reached skill level 9 in Shapeshifting
 27020 | Elf:1    | Paralysed by an air elemental for 1 turns
 27023 | Elf:1    | Paralysed by an air elemental for 1 turns
 27324 | Elf:1    | Learned a level 4 spell: Summon Lightning Spire
 27352 | Elf:1    | Identified the +2 ring mail "Lyireyhu" {rElec rC- Dex+6}
 27463 | Elf:1    | Paralysed by an air elemental for 1 turns
 27466 | Elf:1    | Found a runed translucent gate.
 27466 | Elf:1    | Found a runed translucent gate.
 27466 | Elf:1    | Found a runed translucent gate.
 27466 | Elf:1    | Found a runed translucent gate.
 27466 | Elf:1    | Found a runed translucent gate.
 27466 | Elf:1    | Found a runed translucent gate.
 27466 | Elf:1    | Noticed a shadow dragon
 27466 | Elf:1    | Noticed a shadow dragon
 27468 | Abyss:2  | Found a corrupted altar of Lugonu.
 27468 | Abyss:2  | Found a corrupted altar of Lugonu.
 27468 | Abyss:2  | Cast into level 2 of the Abyss (a deep elf demonologist)
 27483 | Abyss:2  | Found a corrupted altar of Lugonu.
 27484 | Abyss:2  | Found a corrupted altar of Lugonu.
 27511 | Abyss:2  | Found a corrupted altar of Lugonu.
 27571 | Abyss:2  | Found a corrupted altar of Lugonu.
 27580 | Abyss:2  | Found a corrupted altar of Lugonu.
 27624 | Abyss:2  | Noticed a tentacled starspawn
 27679 | Abyss:2  | Reached skill level 5 in Summonings
 27686 | Abyss:2  | Found a corrupted altar of Lugonu.
 27695 | Abyss:2  | Noticed a tentacled starspawn
 27729 | Abyss:2  | Noticed a lich
 27791 | Abyss:2  | Noticed a bone dragon
 27803 | Abyss:2  | Lost mutation: Your body sometimes deteriorates upon taking
                  | damage. [potion of mutation]
 27803 | Abyss:2  | Lost mutation: You are strong-willed. (Will+) [potion of
                  | mutation]
 27803 | Abyss:2  | Gained mutation: Your body sometimes deteriorates upon
                  | taking damage. [potion of mutation]
 27803 | Abyss:2  | Gained mutation: You have a somewhat thin skeletal
                  | structure. (Dex +2, Stealth+) [potion of mutation]
 27803 | Abyss:2  | Gained mutation: Armour fits poorly on your strangely
                  | shaped body. [potion of mutation]
 27810 | Abyss:2  | Killed a bone dragon
 27810 | Abyss:2  | HP: 2/115 [spore (5)]
 27814 | Abyss:2  | Slain by a thrashing horror

Illustrated notes

Levels and vault maps discovered:
D:1:      dpeg_arrival_tiny_f, layout_loops_corners, serial_shops,
          nicolae_shop_back_alley_shop, hellmonk_ecumenical_altar_arch_garden,
          minmay_pentomino_r2
D:2:      layout_loops_cross
D:3:      layout_basic, mainiacjoe_overflow_24_doors, okawaru_gym_becter,
          nzn_hepliaklqana_mist_gate, chequers_mini_garden
D:4:      minmay_inner_zag, layout_basic, cheibriados_altar_2, minmay_circle_x,
          uniq_natasha
D:5:      layout_rooms, nemelex_diamond_rough_becter, dilly_guarded_unrand_morg
D:6:      layout_loops_ring, nicolae_ossuary_entry_false_entrances,
          kennysheep_generic_room_4, uniq_maggie, uniq_edmund, uniq_grinder
D:7:      layout_loops_ring, grunt_temple_overflow_gold_and_silver,
          temple_statues, hangedman_abyss_or_decor_stagger,
          amcnicky_mini_rare_corridor_liquid
D:8:      layout_basic, makhleb_grotto_becter, serial_shops, shop,
          enter_bailey_3, minmay_shop_damaged
D:9:      minmay_the_grid_4x2 [minmay_the_grid_garden,
          minmay_the_grid_small_cups, minmay_the_grid_rooms,
          minmay_the_grid_armoury, minmay_the_grid_spikes, minmay_the_grid_mess,
          minmay_the_grid_tree, minmay_the_grid_prize_trominoes], layout_basic,
          trog_three_pillars_becter, chequers_temple_overflow_minitemple,
          bh_walls_and_bars
D:10:     layout_stronghold, minitemple, mainiacjoe_overflow_boulevard,
          erik_lair_orcish_takeover, uniq_erica
D:11:     layout_basic, gammafunk_ghost_wrathful_warriors,
          minmay_fractal_squares_5
D:12:     cheibrodos_ideogram_h, layout_rooms, enter_trove_5
D:13:     layout_rooms, uniq_frances
D:14:     layout_stronghold, grunt_vaults_entry_tiered, serial_park_avenue1,
          minmay_stone_trees_large, uniq_snorg
D:15:     grunt_enter_depths_snipers, layout_basic,
          hangedman_decor_clover_reticule
Temple:   nicolae_temple_ecumenical_triangle
Lair:1:   layout_cave_pods, serial_bayou_crossing, uniq_urug
Lair:2:   layout_chaotic_city, basic_altar
Lair:3:   layout_regular_city, minmay_shoals_entry_centaurs,
          guppyfry_snake_entry_garden, serial_forest,
          infiniplex_forest_straight_2, infiniplex_forest_lined_ring,
          infiniplex_forest_lined_3_way, infiniplex_forest_lined_room_3,
          infiniplex_forest_straight_5, gammafunk_ghost_icy, st_stairs_6,
          wad_woods_03
Lair:4:   layout_loops_ring, slime_entry_1, portal_ice_cave_rime
Lair:5:   cheibrodos_lair_end_hotspot, layout_big_grid, serial_bayou_lagoon_a,
          nicolae_lair_grove_arrangements, infiniplex_staircase_pool_2
Snake:1:  layout_misc_corridors, ebering_ghost_xom, st_stairs_8
Orc:1:    layout_caves, basic_altar
Orc:2:    grunt_orc_cross, layout_caves, basic_altar
Elf:1:    eino_elf_arrival_customs, layout_loops_corners, orc_legates,
          uniq_azrael
Elf:2:    nicolae_elf_blades_crystal_corner, layout_onion_city, uniq_nikola
Abyss:2:  base: Snake:2, minivault_11, spicy_abyss_rude_harpoons

Skill      XL: |  1  2  3  4  5  6  7  8  9 10 11 12 13 14 15 16 |
---------------+-------------------------------------------------+-----
Unarmed Combat | 3 |  3.3
Dodging        | 3 4 5 6 7 |  7.8
Throwing       | 2 3 4 6 7 8 |  8.0
Shapeshifting  | 1 2 3 4 6 7 8 9 |  9.1
Short Blades   | 1 2 3 5 |  5.9
Armour         | 1 2 3 4 5 6 7 8 |  8.4
Stealth        | 1 2 3 4 5 |  5.1
Fighting       | 3 4 5 6 7 |  7.1
Spellcasting   | 3 4 5 6 7 |  7.1
Long Blades    | 3 5 6 7 |  7.9
Polearms       | 1 |  1.3
Translocations | 3 4 |  4.6
Necromancy     | 3 4 5 |  5.2
Invocations    | 2 4 |  4.7
Evocations     | 3 4 5 6 |  6.4
Staves         | 3 6 7 8 |  8.7
Hexes          | 3 4 |  4.0
Ice Magic      | 2 3 4 |  4.0
Summonings     | 1 2 4 5 |  5.1
Conjurations   | 2 4 |  4.7
Poison Magic   | 3 4 |  4.4
Air Magic      | 2 3 4 |  4.0
Transmutations | |  0.7

Action                     |  1- 3 |  4- 6 |  7- 9 | 10-12 | 13-15 | 16-18 || total
---------------------------+-------+-------+-------+-------+-------+-------++-------
  Melee: Unarmed           |    73 |       |     7 |       |       |       ||    80
         Punch             |     6 |     2 |    13 |       |       |       ||    21
         Short sword       |    50 |    98 |   294 |    33 |       |       ||   475
         Great sword       |       |       |    66 |   135 |    45 |     7 ||   253
         Halberd           |       |       |     3 |       |       |       ||     3
         Lajatang          |       |       |       |    94 |   334 |    51 ||   479
         Triple sword      |       |       |       |       |   290 |    27 ||   317
         Trident           |       |       |       |       |    44 |     4 ||    48
  Throw: Boomerang         |    40 |    19 |    18 |    51 |     1 |       ||   129
         Javelin           |     2 |     5 |    16 |    64 |   100 |    13 ||   200
         Dart              |     4 |     5 |     5 |    50 |   120 |     9 ||   193
         Throwing net      |       |     4 |     3 |       |     9 |       ||    16
   Cast: Blink             |       |       |     1 |     1 |    14 |     4 ||    20
         Call Imp          |       |       |       |       |   111 |    29 ||   140
         Frozen Ramparts   |       |       |       |       |    28 |     2 ||    30
         Wereblood         |       |       |       |       |    10 |       ||    10
         Vampiric Draining |       |       |       |       |     4 |       ||     4
         Mephitic Cloud    |       |       |       |       |    15 |     1 ||    16
         Tukima's Dance    |       |       |       |       |     1 |       ||     1
         Summon Lightning  |       |       |       |       |       |     3 ||     3
         Magic Dart        |       |       |       |       |       |     1 ||     1
 Invoke: Recall Ancestor   |       |       |     1 |     2 |     8 |     3 ||    14
         Ancestor Life: Kn |       |       |     1 |       |       |       ||     1
         Idealise          |       |       |       |     1 |     6 |     3 ||    10
         Transference      |       |       |       |       |     3 |     3 ||     6
  Evoke: Wand              |       |       |       |    29 |    29 |     8 ||    66
    Use: Potion            |       |       |     5 |     3 |    17 |    18 ||    43
         Scroll            |       |       |    14 |     8 |    25 |     4 ||    51
   Stab: Sleeping          |     2 |       |     9 |     6 |    14 |       ||    31
         Held in net/web   |       |     1 |     2 |       |     2 |       ||     5
         Distracted        |       |       |     1 |     3 |    17 |     2 ||    23
         Confused          |       |       |       |       |     1 |     1 ||     2
         Invisible         |       |       |       |       |       |     1 ||     1
 Armour: Leather armour    |    58 |    35 |       |       |       |       ||    93
         Ring mail         |       |     1 |    32 |       |       |       ||    33
         Skin              |       |       |     3 |       |       |       ||     3
         Swamp dragon scal |       |       |   177 |   279 |   599 |    91 ||  1146
         Plate armour      |       |       |       |       |     2 |       ||     2
  Dodge: Dodged            |    74 |    47 |   215 |   313 |   854 |   137 ||  1640
         Repelled          |       |       |       |       |     5 |     1 ||     6
         Form:             |     1 |       |       |     2 |     2 |       ||     5
         Maw               |     1 |       |       |     1 |     2 |       ||     4
         Anaconda          |       |       |       |     2 |     2 |       ||     4
         Dragon            |       |       |       |     1 |     2 |       ||     3

Table legend: (Time is in decaauts)
 A = Elapsed time spent in this place.
 B = Non-inter-level travel time spent in this place.
 C = Inter-level travel time spent in this place.
 D = Time resting spent in this place.
 E = Time spent auto-exploring this place.
 F = Levels seen in this place.
 G = Mean time per level.
                   A        B        C        D        E       F      G
               +--------+--------+--------+--------+--------+-----+--------+
         Total |  27984 |  26678 |   1306 |   3602 |  14765 |  30 |  932.8 |
       Dungeon |  14789 |  13856 |    933 |   1056 |   8916 |  15 |  985.9 |
        Temple |     36 |     10 |     26 |      0 |      0 |   1 |   36.0 |
          Lair |   6701 |   6489 |    212 |    432 |   4118 |   5 | 1340.2 |
     Snake Pit |      4 |      4 |      0 |      0 |      0 |   1 |    4.0 |
  Orcish Mines |   2757 |   2622 |    135 |   1346 |    831 |   2 | 1378.5 |
   Elven Halls |   1609 |   1609 |      0 |    452 |    508 |   2 |  804.5 |
         Abyss |    364 |    364 |      0 |      0 |      0 |   1 |  364.0 |
       Ossuary |    353 |    353 |      0 |     74 |      0 |   1 |  353.0 |
        Bailey |    729 |    729 |      0 |    103 |    215 |   1 |  729.0 |
      Ice Cave |    637 |    637 |      0 |    138 |    176 |   1 |  637.0 |
               +--------+--------+--------+--------+--------+-----+--------+

Top non-repeatable levels by time:
  Lair:5: 2202 daAuts
     D:9: 2158 daAuts
  Lair:3: 1586 daAuts
    D:11: 1531 daAuts
   Orc:2: 1504 daAuts
    D:10: 1308 daAuts
   Elf:1: 1302 daAuts
   Orc:1: 1252 daAuts
  Lair:4: 1163 daAuts
     D:6: 1142 daAuts
     D:4: 1088 daAuts
     D:8: 1050 daAuts
    D:12: 1032 daAuts
     D:1: 1029 daAuts
    D:13: 1020 daAuts
